 Dungeon Crawl Stone Soup version 0.20.0-8-g6b59dc7 (webtiles) character file.

380 Hasart the Poker (level 6, -2/43 HPs)
             Began as an Octopode Fighter on May 30, 2017.
             Slain by an orc
             ... wielding a +0 whip
              (5 damage)
             ... on level 5 of the Dungeon.
             The game lasted 00:06:54 (3641 turns).

Hasart the Poker (Octopode Fighter)                 Turns: 3641, Time: 00:06:54

Health: -2/43      AC:  1    Str: 21    XL:     6   Next: 75%
Magic:  15/16      EV: 10    Int: 11    God:
Gold:   196        SH: 14    Dex: 12    Spells: 5/5 levels left

rFire    + . .     SeeInvis .   a - +0 trident
rCold    . . .     Gourm    .   o - +0 large shield (curse)
rNeg     . . .     Faith    .   (helmet restricted)
rPois    +         Spirit   .   (no amulet)
rElec    .         Reflect  .   j - ring of magical power
rCorr    .         Harm     .   k - ring of poison resistance
MR       .....                  q - ring of protection from fire
Stlth    ++........             s - ring of flight
Regen    0.2/turn               (no ring)
MPRegen  0.2/turn               (no ring)
                                (no ring)
                                (no ring)

@: mighty
A: almost no armour, stealthy swim, amphibious, 8 rings, constrict 8, camouflage
1, gelatinous body 1
a: Evoke Flight


You were on level 5 of the Dungeon.
You were not hungry.

You visited 1 branch of the dungeon, and saw 5 of its levels.

You collected 196 gold pieces.

Inventory:

Hand Weapons
 a - a +0 trident (weapon)
 h - a +4 spear
Armour
 o - a cursed +0 large shield (worn)
Jewellery
 j - a ring of magical power (left tentacle)
 k - a ring of poison resistance (right tentacle)
 q - a ring of protection from fire (on tentacle)
 s - a ring of flight (on tentacle)
Scrolls
 b - a scroll of noise {unknown}
 e - 3 scrolls of identify {unknown}
 i - 2 scrolls of remove curse {unknown}
 l - 2 scrolls of enchant armour {unknown}
 m - a scroll of immolation {unknown}
 p - a scroll of blinking {unknown}
 u - a scroll of amnesia {unknown}
Potions
 c - a potion of might
 r - a potion of cancellation {unknown}
 t - a potion of berserk rage {unknown}
 v - a potion of invisibility {unknown}
Comestibles
 d - 3 bread rations
 f - 7 meat rations
 g - 6 fruits
 n - 2 royal jellies


   Skills:
 + Level 4.2 Fighting
 * Level 4.4 Polearms
 + Level 3.9 Dodging
 + Level 4.2 Shields
 * Level 1.4 Evocations


You had 5 spell levels left.
You didn't know any spells.

Dungeon Overview and Level Annotations

Branches:
Dungeon (5/15)
 Temple: D:4-7

Altars:
Ashenzari
Makhleb
Xom
The Shining One

Annotations:
D:3 2 transporters


Innate Abilities, Weirdness & Mutations

You cannot wear most types of armour.
You are very stealthy in the water. (Stealth+)
You are amphibious.
You can wear up to eight rings at the same time.
You can use your tentacles to constrict eight enemies at once.
Your skin changes colour to match your surroundings (Stealth+).
Your rubbery body absorbs attacks. (AC +1, EV +1)


Message History

The orc warrior hits you with a hand axe!!
* * * LOW HITPOINT WARNING * * *
You are too injured to fight recklessly!
You are too injured to fight recklessly!
Unknown command.
You feel very mighty all of a sudden.
You constrict the orc warrior. The orc hits you with a short sword.
* * * LOW HITPOINT WARNING * * *
You block the orc warrior's attack.
Unknown command.
You hit the orc warrior. You squeeze the orc warrior.
The orc warrior is heavily wounded.
You constrict the orc warrior. You block the orc's attack.
You block the orc warrior's attack.
Unknown command.
You puncture the orc warrior! You squeeze the orc warrior.
You kill the orc warrior!
Your Evocations skill increases to level 1!
You block the orc's attack. The orc hits you with a whip.
You die...

#.........#######################
#.........#........# .
#.........#........#
#.........#'########
#.................# ##
#.................# #.
#.................# #.
#.................# #.
#..............o@.##############.
#...........###o#.............##'
#...........#...#.............#..
#...........+...#.............#..
#...........#...+.............'..
#.>.........#..##.............###
##############+ ##+#######'#.....
#.......#..... #.......#.....


You could see 2 orcs.

Vanquished Creatures
  An orc warrior (D:5)
  An orc priest (D:3)
  A worker ant (D:4)
  Natasha (D:2)
  6 adders
  3 gnolls (D:3)
  3 oozes
  An adder skeleton (D:4)
  A worm (D:2)
  A dart slug (D:3)
  3 leopard geckos
  9 orcs (D:3)
  6 giant cockroaches
  12 goblins
  8 hobgoblins
  4 jackals
  9 kobolds
  3 quokkas
  A ball python (D:2)
  11 bats
  2 frilled lizards
  8 rats
95 creatures vanquished.

Notes
Turn   | Place    | Note
-------+----------+-------------------------------------------
     0 | D:1      | Hasart the Octopode Fighter began the quest for the Orb.
     0 | D:1      | Reached XP level 1. HP: 16/16 MP: 1/1
   141 | D:1      | Reached XP level 2. HP: 21/21 MP: 2/2
   532 | D:1      | Reached XP level 3. HP: 26/26 MP: 3/3
   935 | D:2      | Found a glowing golden altar of the Shining One.
   978 | D:2      | Noticed Natasha
   989 | D:2      | Killed Natasha
   989 | D:2      | Reached XP level 4. HP: 14/31 MP: 4/4
  1804 | D:2      | Found a shattered altar of Ashenzari.
  1851 | D:3      | Reached XP level 5. HP: 36/36 MP: 5/5
  1880 | D:3      | Found a transporter.
  1883 | D:3      | Found a transporter.
  2558 | D:3      | Reached XP level 6. HP: 37/43 MP: 6/6
  2935 | D:4      | Found a shimmering altar of Xom.
  3498 | D:5      | Entered Level 5 of the Dungeon
  3572 | D:5      | Found a burning altar of Makhleb.
  3633 | D:5      | Noticed an orc warrior
  3639 | D:5      | HP: 2/43 [orc/short sword (3)]
  3641 | D:5      | Killed an orc warrior
  3641 | D:5      | Reached skill level 1 in Evocations
  3641 | D:5      | Slain by an orc

Skill      XL: |  1  2  3  4  5  6 |
---------------+-------------------+-----
Polearms       | 3 4 |  4.4
Shields        | 4 |  4.2
Fighting       | 4 |  4.2
Evocations     | 1 |  1.4
Dodging        | |  3.9

Action                   |  1- 3 |  4- 6 || total
-------------------------+-------+-------++-------
Melee: Trident           |    72 |   146 ||   218
       Constrict         |    16 |    35 ||    51
       Tentacles         |     8 |    33 ||    41
  Use: Potion            |       |     2 ||     2
 Stab: Sleeping          |     3 |    16 ||    19
  Eat: Chunk             |       |     9 ||     9
Armor: Skin              |     5 |     4 ||     9
Dodge: Dodged            |    32 |    34 ||    66
Block: Shield            |    30 |    18 ||    48
       Large shield      |       |    50 ||    50
